 Dungeon Crawl Stone Soup version 0.30.1-11-g7821555f0a (webtiles) character file.

Game seed: 5311691502565935713

25972 andronian the Impaler (level 13, 0/156 HPs)
             Began as a Merfolk Gladiator on Nov 26, 2023.
             Was the Champion of Okawaru.
             Slain by a six-headed hydra (2 damage)
             ... while petrified by a catoblepas
             ... on level 5 of the Lair of Beasts.
             The game lasted 00:36:22 (16936 turns).

andronian the Impaler (Merfolk Gladiator)          Turns: 16936, Time: 00:36:23

Health: 0/156      AC: 22    Str: 27    XL:     13   Next: 23%
Magic:  18/18      EV:  2    Int: 10    God:    Okawaru [******]
Gold:   1131       SH:  0    Dex: 21    Spells: 12/12 levels left

rFire   x . .        M - +7 spear of Glory {freeze, rElec Int+3}
rCold   . . .        F - +0 kite shield
rNeg    + + +        v - +0 plate armour of the Learner {rF- Str+5 SInv}
rPois   ∞            c - +2 helmet
rElec   +            Q - +0 cloak
rCorr   .            k - +1 pair of gloves
SInv    +            J - +0 pair of boots of Contentment {Str+3 Dex+5}
Will    .....        t - amulet of faith Stlth
                     q - +5 ring of evasion
HPRegen 0.46/turn    N - ring of poison resistance
MPRegen 0.16/turn

%: faith
@: berserking, petrified
A: (nimble swimmer 2), mertail
a: Renounce Religion, Heroism, Finesse, Duel


You were on level 5 of the Lair of Beasts.
You worshipped Okawaru.
Okawaru was exalted by your worship.
You visited 3 branches of the dungeon, and saw 16 of its levels.

You collected 1131 gold pieces.

Inventory:

Hand Weapons
 a - a +0 trident
 o - a +0 heavy halberd
 p - a +3 spear of venom
 M - the +7 spear of Glory (weapon) {freeze, rElec Int+3}
   (Okawaru gifted it to you on level 3 of the Lair of Beasts)

   Int:       It affects your intelligence (+3).
   rElec:     It insulates you from electricity.
Missiles
 d - 2 throwing nets
 e - a javelin
 g - 17 poisoned darts (quivered)
 u - 7 silver javelins
Armour
 c - a +2 helmet (worn)
 k - a +1 pair of gloves (worn)
 v - the +0 plate armour of the Learner (worn) {rF- Str+5 SInv}
   (You found it on level 5 of the Dungeon)

   Str:       It affects your strength (+5).
   rF:        It makes you vulnerable to fire.
   SInv:      It lets you see invisible.
 F - a +0 kite shield (worn)
 J - the +0 pair of boots of Contentment (worn) {Str+3 Dex+5}
   (Okawaru gifted it to you on level 4 of the Lair of Beasts)

   Str:       It affects your strength (+3).
   Dex:       It affects your dexterity (+5).
 O - the +0 scale mail of Quiet Fog {Rampage Regen+ Str+3}
   (Okawaru gifted it to you on level 3 of the Lair of Beasts)

   Str:       It affects your strength (+3).
   Regen:     It increases your rate of health regeneration.
   Rampage:   It bestows one free step when moving towards enemies.
 Q - a +0 cloak (worn)
Jewellery
 q - a +5 ring of evasion (left hand)
 t - an amulet of faith (around neck)
 y - a +6 ring of dexterity
 I - a ring of protection from fire
 N - a ring of poison resistance (right hand)
 R - an amulet of reflection
 W - a ring of flight
Wands
 b - a wand of iceblast (8)
 h - a wand of paralysis (5)
 C - a wand of polymorph (2)
 E - a wand of acid (11)
 T - a wand of flame (4)
Scrolls
 r - a scroll of enchant armour
 w - 8 scrolls of teleportation
 x - a scroll of magic mapping
 H - 2 scrolls of immolation
 K - a scroll of fog
 P - a scroll of poison
 U - a scroll of amnesia {unknown}
Potions
 f - 2 potions of degeneration
 i - a potion of invisibility
 j - 5 potions of curing
 m - 3 potions of haste
 n - 3 potions of flight
 s - 2 potions of magic
 z - 4 potions of brilliance
 A - 3 potions of might
 B - 2 potions of lignification
 G - 3 potions of heal wounds
 L - a potion of resistance {unknown}
 S - a potion of ambrosia
 V - a potion of mutation {unknown}
Miscellaneous
 l - a phial of floods


   Skills:
 - Level 10.4 Fighting
 - Level 16.4 Polearms
 - Level 3.4 Throwing
 * Level 8.5 Armour
 - Level 4.0 Dodging
 + Level 8.8 Shields
 + Level 7.1 Invocations


You had 12 spell levels left.
You didn't know any spells.
Your spell library contained the following spells:

 Spells                   Type           Power      Damage    Failure   Level
 Freeze                   Ice            0%         1d3       99%         1
 Slow                     Hex            0%         N/A       99%         1
 Ensorcelled Hibernation  Hex/Ice        0%         N/A       100%        2
 Lesser Beckoning         Tloc           0%         N/A       100%        2
 Passwall                 Tmut/Erth      0%         N/A       100%        2
 Confusing Touch          Hex            0%         N/A       100%        3
 Frozen Ramparts          Ice            0%         1d1       100%        3
 Hailstorm                Conj/Ice       0%         3d3       100%        3
 Ignite Poison            Fire/Tmut/Pois 0%         N/A       100%        3
 Swiftness                Air            0%         N/A       100%        3
 Vampiric Draining        Necr           0%         2d6       100%        3
 Ice Form                 Ice/Tmut       0%         N/A       100%        4
 Iskenderun's Mystic Bla  Conj/Tloc      0%         2d3       100%        4
 Sticky Flame             Conj/Fire      0%         2d3       100%        4
 Iskenderun's Battlesphe  Conj           0%         2d6       100%        5
 Metabolic Englaciation   Hex/Ice        0%         N/A       100%        5
 Iron Shot                Conj/Erth      0%         9d1       100%        6
 Ignition                 Fire           0%         3d3       100%        8
 Spellforged Servitor     Conj/Summ      Unusable   N/A       N/A         7

Dungeon Overview and Level Annotations

Branches:
Dungeon (10/15)            Temple (1/1) D:7            Lair (5/5) D:8
 Shoals (0/4) Lair:3        Snake (0/4) Lair:3        Slime (0/5) Lair:4
    Orc: D:9-12

Altars:
Ashenzari
Cheibriados
Dithmenos
Elyvilon
Fedhas
Gozag
Hepliaklqana
Kikubaaqudgha
Makhleb
Nemelex Xobeh
Okawaru
Qazlal
Ru
Trog
Uskayaw
Vehumet
Wu Jian
Xom
Yredelemnul
Zin
The Shining One
Jiyva

Shops:
D:8 (


Innate Abilities, Weirdness & Mutations

((You are very nimble when in or above water. (Stealth+, EV+, Speed+++)))
Your lower body shifts to a powerful aquatic tail in water.


Message History

The lindwurm bites you.
The lindwurm claws you but does no damage. x2
The catoblepas breathes a plume of calcifying dust at you.
The blast of calcifying dust hits you.
You are engulfed in calcifying dust.
The catoblepas gores you. The lindwurm bites you! The lindwurm claws you.
The lindwurm claws you but does no damage.
You turn to flesh and can move again.
A red film seems to cover your vision as you go berserk!
You feel yourself moving faster!
You feel mighty!
You are engulfed in calcifying dust.
The lindwurm breathes flames at you. The blast of flame hits you!!!
The fire burns you terribly!
* * * LOW HITPOINT WARNING * * *
The catoblepas breathes a plume of calcifying dust at you.
The blast of calcifying dust hits you but does no damage.
You are too berserk!
You hit the catoblepas but do no damage.
The catoblepas is almost dead.
You are engulfed in calcifying dust.
You are slowing down.
You are too berserk!
You hit the catoblepas. You freeze the catoblepas.
The catoblepas is almost dead.
You are engulfed in calcifying dust.
Your limbs have turned to stone.
The catoblepas breathes a plume of calcifying dust at you.
The blast of calcifying dust hits you but does no damage.
You block the lindwurm's attack. The lindwurm claws you.
You block the lindwurm's attack.
You have turned to stone.
You are engulfed in calcifying dust.
The lindwurm bites you.
The lindwurm claws you but does no damage. x2
The catoblepas breathes a plume of calcifying dust at you.
The blast of calcifying dust hits you.
The six-headed hydra is no longer petrified.
The six-headed hydra bites you but does no damage. x2
The six-headed hydra bites you!
* * * LOW HITPOINT WARNING * * *
The six-headed hydra bites you but does no damage.
The six-headed hydra bites you.
You die...

.....8 .../........
##..#...... ......
...........###.#........
).....
..$)........<...........
......
........................
......
.../....................
.?....
....(...................
......
.(.(....................
......
.((...kYD...............
......
.......@.............)..
......
.......§....#...........
.#.#..
.......§...##...##.#.#..
###... .P.....§.#......#
#.#.## #..
...........#.....# ####
#. #.^.......#<...###
.#.....§.......#
.............


You could see a catoblepas (poisoned), a six-headed hydra and a lindwurm
(catching breath).

Vanquished Creatures
  The ghost of jfcaron the Brawler, a journeyman OgMo of Zin (Lair:1)
  3 hydras
  2 death yaks (Lair:4)
  Urug (Lair:3)
  A skeletal warrior (D:9)
  A deep elf pyromancer (D:9)
  A salamander (Lair:3)
  3 black mambas
  2 cane toads
  6 rime drakes
  3 komodo dragons
  2 hornets
  2 polar bears (Lair:4)
  Grinder (D:5)
  Prince Ribbit (D:5)
  12 blink frogs
  Sigmund (D:3)
  A wraith (D:8)
  A spriggan (Lair:4)
  A wyvern (D:8)
  35 yaks
  2 fire bats (Lair:1)
  A steam dragon (D:7)
  An acid dragon (D:10)
  Duvessa (D:6)
  6 water moccasins
  An ice beast (D:6)
  4 black bears
  5 orc warriors
  An ogre (D:6)
  3 centaurs
  19 wolves
  2 phantoms (D:4)
  2 kobold brigands
  6 bullfrogs
  2 gnoll sergeants
  3 scorpions
  3 wights (D:8)
  Dowan (D:6)
  16 killer bees
  2 howler monkeys
  3 electric eels (D:6)
  2 lava snakes (Lair:3)
  6 hounds
  5 orc priests
  A jelly (D:4)
  A gnoll bouda (D:10)
  An iguana (D:6)
  12 orc wizards
  6 hell rats (Lair:4)
  Terence (D:3)
  17 gnolls
  9 adders
  3 white imps
  An ufetubus (D:7)
  A worm (D:4)
  34 orcs
  4 endoplasms
  4 giant cockroaches
  8 goblins
  11 hobgoblins
  11 jackals
  2 quokkas
  3 ball pythons
  5 bats
  5 frilled lizards
  11 kobolds
  14 rats
343 creatures vanquished.

Notes
Turn   | Place    | Note
-------+----------+-------------------------------------------
     0 | D:1      | andronian the Merfolk Gladiator began the quest for the
                  | Orb.
     0 | D:1      | Reached XP level 1. HP: 16/16 MP: 1/1
   170 | D:1      | Reached XP level 2. HP: 23/23 MP: 2/2
   483 | D:1      | Got the Information on the Chill
   593 | D:1      | Reached XP level 3. HP: 26/29 MP: 3/3
  1647 | D:2      | Reached XP level 4. HP: 17/36 MP: 4/4
  1888 | D:2      | Found a snail-covered altar of Cheibriados.
  2053 | D:3      | Noticed Sigmund
  2078 | D:3      | Killed Sigmund
  2079 | D:3      | Reached skill level 5 in Fighting
  2079 | D:3      | Reached skill level 5 in Polearms
  2079 | D:3      | Reached XP level 5. HP: 15/44 MP: 5/5
  2079 | D:3      | Reached XP level 6. HP: 18/51 MP: 6/6
  2325 | D:3      | Noticed Terence
  2340 | D:3      | Killed Terence
  2603 | D:3      | You fall into a shaft and drop 3 floors!
  2649 | D:6      | Reached skill level 6 in Polearms
  2649 | D:6      | Noticed Dowan
  2662 | D:6      | Noticed Duvessa
  2703 | D:6      | Reached XP level 7. HP: 35/58 MP: 7/7
  2810 | D:7      | HP: 2/58 [centaur (5)]
  3098 | D:7      | Found a broken altar of Ashenzari.
  3324 | D:7      | Reached skill level 7 in Polearms
  3585 | D:6      | Killed Duvessa
  3586 | D:6      | Reached XP level 8. HP: 30/68 MP: 8/8
  3592 | D:6      | Killed Dowan
  3925 | D:6      | Reached skill level 8 in Polearms
  4307 | D:5      | Entered Level 5 of the Dungeon
  4961 | D:5      | Noticed Grinder
  4962 | D:5      | Noticed Prince Ribbit
  4970 | D:5      | Killed Grinder
  4971 | D:5      | Reached skill level 9 in Polearms
  4973 | D:5      | Reached XP level 9. HP: 78/78 MP: 9/9
  4977 | D:5      | Reached skill level 10 in Fighting
  4984 | D:5      | Killed Prince Ribbit
  5028 | D:5      | Identified the +0 plate armour of the Learner {rF- Str+5
                  | SInv}
  5284 | D:5      | Reached skill level 1 in Armour
  6000 | D:4      | Reached skill level 10 in Polearms
  6687 | D:4      | Found an ornate altar of the Wu Jian Council.
  6687 | D:4      | Found a shimmering altar of Xom.
  6688 | D:4      | Found a burning altar of Makhleb.
  7637 | D:7      | Found a sparkling altar of Nemelex Xobeh.
  7637 | D:7      | Found a radiant altar of Vehumet.
  7638 | D:7      | Found a snail-covered altar of Cheibriados.
  7982 | D:7      | Found a staircase to the Ecumenical Temple.
  8000 | Temple   | Entered the Ecumenical Temple
  8030 | Temple   | Became a worshipper of Warmaster Okawaru
  8228 | D:7      | Reached XP level 10. HP: 45/86 MP: 10/10
  8234 | D:7      | Found a hide-covered altar of Uskayaw.
  8402 | D:7      | Reached skill level 11 in Polearms
  8449 | D:7      | Found a sacrificial altar of Ru.
  8685 | D:8      | Reached * piety under Okawaru
  8921 | D:8      | Found Quirepn's Weapon Shop.
  8995 | D:8      | Reached skill level 5 in Armour
  9109 | D:8      | Found a glowing silver altar of Zin.
  9109 | D:8      | Noticed an angel
  9134 | D:8      | Reached skill level 1 in Invocations
  9343 | D:8      | Found a staircase to the Lair.
  9477 | D:8      | Reached skill level 12 in Polearms
  9985 | D:9      | Reached ** piety under Okawaru
  9986 | D:9      | Reached skill level 1 in Shields
 10166 | D:9      | Reached skill level 13 in Polearms
 10235 | D:9      | Noticed a skeletal warrior
 10256 | D:9      | Noticed a deep elf pyromancer
 10257 | D:9      | Killed a skeletal warrior
 10257 | D:9      | Reached *** piety under Okawaru
 10268 | D:10     | Entered Level 10 of the Dungeon
 10546 | D:10     | Reached XP level 11. HP: 90/92 MP: 12/12
 10564 | D:10     | Reached skill level 14 in Polearms
 11057 | D:9      | Killed a deep elf pyromancer
 11142 | Lair:1   | Entered Level 1 of the Lair of Beasts
 11150 | Lair:1   | Found a runed translucent door.
 11150 | Lair:1   | Noticed jfcaron's ghost (journeyman OgMo)
 11235 | Lair:1   | Reached **** piety under Okawaru
 11487 | Lair:1   | Reached skill level 15 in Polearms
 12043 | Lair:1   | Killed jfcaron's ghost
 12044 | Lair:1   | Reached skill level 5 in Shields
 12313 | Lair:2   | Reached ***** piety under Okawaru
 12488 | Lair:2   | Reached skill level 16 in Polearms
 12788 | Lair:2   | Received a gift from Okawaru
 13248 | Lair:2   | Found a snail-covered altar of Cheibriados.
 13415 | Lair:2   | Reached XP level 12. HP: 81/98 MP: 14/14
 13483 | Lair:3   | Noticed an eight-headed hydra
 13527 | Lair:3   | Identified the +7 spear of Glory {freeze, rElec Int+3}
                  | (Okawaru gifted it to you on level 3 of the Lair of Beasts)
 13527 | Lair:3   | Received a gift from Okawaru
 13542 | Lair:3   | Found a staircase to the Shoals.
 13589 | Lair:3   | Killed an eight-headed hydra
 13594 | Lair:3   | Noticed Urug
 13925 | Lair:3   | Got the Almanac of Shifting and Cold
 14051 | Lair:3   | Killed Urug
 14381 | Lair:3   | Noticed a seven-headed hydra
 14589 | Lair:3   | Received a gift from Okawaru
 14796 | Lair:3   | Killed a seven-headed hydra
 14797 | Lair:3   | Reached skill level 5 in Invocations
 15054 | Lair:3   | Found a staircase to the Snake Pit.
 15212 | Lair:3   | Identified the +0 scale mail of Quiet Fog {Rampage Regen+
                  | Str+3} (Okawaru gifted it to you on level 3 of the Lair of
                  | Beasts)
 15212 | Lair:3   | Received a gift from Okawaru
 15618 | Lair:4   | Found a viscous altar of Jiyva.
 15619 | Lair:4   | Found a staircase to the Slime Pits.
 15862 | Lair:4   | Reached ****** piety under Okawaru
 16035 | Lair:4   | Reached XP level 13. HP: 93/104 MP: 17/17
 16527 | Lair:5   | Entered Level 5 of the Lair of Beasts
 16737 | Lair:4   | Identified the +0 pair of boots of Contentment {Str+3
                  | Dex+5} (Okawaru gifted it to you on level 4 of the Lair of
                  | Beasts)
 16737 | Lair:4   | Received a gift from Okawaru
 16932 | Lair:5   | HP: 4/156 [lindwurm/blast of flame (55)]
 16936 | Lair:5   | Slain by a six-headed hydra

Illustrated notes

Levels and vault maps discovered:
D:1:      beargit_arrival_greenhouse, layout_basic
D:2:      layout_basic, basic_altar
D:3:      layout_loops_corners, minmay_misc_feat_more_columns, uniq_sigmund,
          uniq_terence
D:4:      layout_basic, gammafunk_temple_overflow_claw, serial_bayou_ford_a
D:5:      layout_cave_pods, grunt_tough_drop, uniq_grinder, uniq_prince_ribbit1
D:6:      layout_basic, serial_bayou, serial_bayou_shore_a,
          serial_bayou_crossing, serial_bayou_pond_e, serial_bayou_lagoon_a,
          portal_sewer_entry_e, uniq_duvessa
D:7:      layout_basic, gammafunk_temple_overflow_forgotten,
          mainiacjoe_overflow_boulevard, general_overflow_altar,
          ashenzari_conservatory_becter, minmay_temple_entry_stoned_glass
D:8:      layout_gridville, zin_angel, lair_entry_dummy, serial_shops, shop,
          minmay_gold_behind_fungi
D:9:      minmay_weird_star, layout_basic, kennysheep_diamond,
          chequers_serial_rivers_micro_e, hangedman_minor_gate_pass
D:10:     layout_gridville, nicolae_sif_muna_condensation, serial_ice,
          serial_ice_j, serial_ice_n, serial_ice_m, serial_ice_b, serial_ice_d,
          serial_ice_c, corexii_corridor_pit, hangedman_tell_no_tales,
          uniq_josephine, uniq_amaemon
Temple:   nicolae_temple_bog_church
Lair:1:   layout_gridlike, gammafunk_ghost_grave
Lair:2:   wander_river, layout_misc_corridors, basic_altar, serial_bayou_shore_b
Lair:3:   layout_cave_pods, elwin_shoals_entry_rooms,
          nicolae_snake_entry_warm_welcome, grunt_megastairs_4, uniq_urug
Lair:4:   layout_loops_ring, slime_entry_1, grunt_forest_stairs_clearing,
          grunt_megastairs_5, lemuel_fruit_tree
Lair:5:   evilmike_catoblepas_cave, layout_hall_layers

Skill      XL: |  1  2  3  4  5  6  7  8  9 10 11 12 13 |
---------------+----------------------------------------+-----
Fighting       | 3 5 6 7 9 10 | 10.4
Polearms       | 5 6 7 9 10 13 16 | 16.4
Throwing       | 3 |  3.4
Armour         | 4 5 8 |  8.5
Invocations    | 2 3 6 7 |  7.1
Shields        | 3 6 8 |  8.8
Dodging        | |  4.0

Action                     |  1- 3 |  4- 6 |  7- 9 | 10-12 | 13-15 || total
---------------------------+-------+-------+-------+-------+-------++-------
  Melee: Trident           |   154 |     4 |       |       |       ||   158
         Punch             |     1 |       |     8 |     1 |       ||    10
         Spear             |       |    98 |   490 |  1016 |    94 ||  1698
         Halberd           |       |     4 |       |       |       ||     4
         Tailslap          |       |       |     1 |    21 |       ||    22
  Throw: Throwing net      |       |     3 |       |     1 |       ||     4
         Dart              |       |       |    13 |    14 |     4 ||    31
 Invoke: Heroism           |       |       |       |     4 |       ||     4
         Finesse           |       |       |       |     3 |       ||     3
  Evoke: Wand              |       |     3 |    10 |       |       ||    13
    Use: Scroll            |       |     4 |     9 |     8 |     2 ||    23
         Potion            |       |       |     6 |     1 |     1 ||     8
   Stab: Sleeping          |     1 |       |       |       |       ||     1
 Armour: Leather armour    |    37 |       |       |       |       ||    37
         Chain mail        |     9 |    56 |   100 |       |       ||   165
         Plate armour      |       |       |    78 |   177 |    58 ||   313
         Skin              |       |       |       |     5 |       ||     5
  Dodge: Dodged            |   115 |    30 |   138 |   323 |    23 ||   629
  Block: Kite shield       |       |       |       |   289 |    45 ||   334
